 Dungeon Crawl Stone Soup version 0.29.1-12-g30fa7ad0bf (webtiles) character file.

Game seed: 6059527916696113448

79811 Randwarf the Bludgeoner (level 15, 0/143 HPs)
             Began as a Minotaur Berserker on Jan 7, 2023.
             Was a High Priest of Trog.
             Slain by a spriggan rider
             ... wielding a +0 spear
              (3 damage)
             ... on level 1 of the Depths.
             The game lasted 01:33:24 (21022 turns).

Randwarf the Bludgeoner (Minotaur Berserker)       Turns: 21022, Time: 01:33:25

Health: 0/143      AC: 27    Str: 46    XL:     15   Next: 22%
Magic:  0/4        EV: 10    Int:  2    God:    Trog [*****.]
Gold:   1437       SH: 19    Dex:  9    Spells: 14/14 levels left

rFire   + . .      SeeInvis +   i - +9 eveningstar (antimagic)
rCold   . . .      Faith    .   A - +2 tower shield
rNeg    + . .      Spirit   .   p - +8 chain mail {rPois}
rPois   +          Reflect  .   (helmet restricted)
rElec   .          Harm     .   r - +0 cloak
rCorr   .          Rampage  .   q - +1 pair of gloves of Yredelemnul's Approval {rF+ Str+4 Stlth+}
Will    ++++.      Clarity  +   V - +0 pair of boots
Stlth   +.........              y - amulet of the Four Winds {rN+ Will+++ Clar}
HPRegen 0.33/turn               C - ring of Pyd Jouh {SInv Stlth+}
MPRegen 0.09/turn               Y - +6 ring of strength

@: about to teleport
A: horns 2, retaliatory headbutt, strong 2
a: Renounce Religion, Berserk, Trog's Hand, Brothers in Arms


You were on level 1 of the Depths.
You worshipped Trog.
Trog was extremely pleased with you.
You visited 5 branches of the dungeon, and saw 24 of its levels.
You also visited: Gauntlet.

You collected 1731 gold pieces.
You spent 294 gold pieces at shops.

Inventory:

Hand Weapons
 i - a +9 antimagic eveningstar (weapon)
 K - the +1 lajatang of Dung {elec, Dex+3}
   (You found it on level 7 of the Dungeon)

   It occasionally discharges a powerful burst of electricity upon striking a
   foe.
   Dex:       It affects your dexterity (+3).
 O - a +5 antimagic quarterstaff
 S - a +2 antimagic morningstar
 W - a +5 vorpal flail
Armour
 p - a +8 chain mail of poison resistance (worn)
 q - the +1 pair of gloves of Yredelemnul's Approval (worn) {rF+ Str+4 Stlth+}
   (You found it in a Gauntlet)

   Str:       It affects your strength (+4).
   rF:        It protects you from fire.
   Stlth:     It makes you more stealthy.
 r - a +0 cloak (worn)
 u - an orb of light
 A - a +2 tower shield (worn)
 Q - a +2 scale mail of cold resistance
 V - a +0 pair of boots (worn)
Jewellery
 a - the ring of Umedinni {rF+ rC- MP+9 Dex+8 Slay-6}
   (You found it on level 12 of the Dungeon)

   [ring of magical power]

   Dex:       It affects your dexterity (+8).
   Slay:      It affects your accuracy & damage with ranged weapons and melee
   (-6).
   rF:        It protects you from fire.
   rC:        It makes you vulnerable to cold.
   MP:        It affects your magic capacity (+9).
 g - a ring of protection from fire
 h - an amulet of magic regeneration
 o - a ring of magical power
 y - the amulet of the Four Winds (around neck) {rN+ Will+++ Clar}
   (You took it off a minotaur in a Gauntlet)

   [amulet of nothing]

   rN:        It protects you from negative energy.
   Clar:      It protects you against confusion.
   Will:      It greatly increases your willpower.
 z - a +4 ring of evasion
 B - a +4 ring of slaying
 C - the ring of Pyd Jouh (left hand) {SInv Stlth+}
   (You found it in a Gauntlet)

   [ring of see invisible]

   SInv:      It lets you see invisible.
   Stlth:     It makes you more stealthy.
 Y - a +6 ring of strength (right hand)
Wands
 s - a wand of mindburst (9)
 D - a wand of paralysis (15)
 E - a wand of iceblast (4)
 M - a wand of polymorph (9)
 N - a wand of light (10)
 U - a wand of flame (21)
Scrolls
 c - 5 scrolls of teleportation
 e - 5 scrolls of identify
 m - 3 scrolls of blinking
 n - 6 scrolls of poison
 t - 4 scrolls of immolation
 w - 6 scrolls of butterflies
 x - 3 scrolls of torment
 H - 2 scrolls of fear {unknown}
 R - 2 scrolls of vulnerability
 X - 3 scrolls of magic mapping
Potions
 b - 2 potions of might
 d - 2 potions of brilliance
 f - a potion of heal wounds
 j - a potion of haste
 k - a potion of magic {unknown}
 l - 14 potions of curing
 F - 3 potions of attraction
 G - 2 potions of resistance {unknown}
 J - 4 potions of ambrosia
 L - a potion of berserk rage
 P - 3 potions of lignification
 T - 4 potions of cancellation
 Z - 2 potions of mutation


   Skills:
 * Level 15.7 Fighting
 + Level 17.5(17.6) Maces & Flails
 + Level 0.3(11.4) Staves
 + Level 14.4 Armour
 + Level 8.7 Dodging
 + Level 2.5 Stealth
 + Level 15.6 Shields


You had 14 spell levels left.
You didn't know any spells.
Your spell library was empty.

Dungeon Overview and Level Annotations

Branches:
Dungeon (15/15)            Temple (1/1) D:7            Lair (5/5) D:10
 Shoals (0/4) Lair:3        Snake (0/4) Lair:3        Slime (2/5) Lair:5
    Orc (0/2) D:11         Vaults (0/5) D:13         Depths (1/4) D:15
Gauntlet (visited)

Altars:
Ashenzari
Cheibriados
Dithmenos
Elyvilon
Fedhas
Gozag
Hepliaklqana
Kikubaaqudgha
Makhleb
Nemelex Xobeh
Okawaru
Qazlal
Ru
Sif Muna
Trog
Uskayaw
Vehumet
Wu Jian
Xom
Yredelemnul
Zin
The Shining One
Lugonu

Shops:
D:3 **(   D:8 [   D:10 [

Annotations:
D:8 2 transporters


Innate Abilities, Weirdness & Mutations

You have a pair of horns on your head.
You reflexively headbutt those who attack you in melee.
Your muscles are very strong. (Str +8, Int/Dex -2)


Message History

The spriggan rider hits you from afar with a +0 spear!
The spriggan berserker hits you but does no damage.
You block the spriggan berserker's attack.
You feel much better. The death yak barely misses you.
A deep troll earth mage comes into view.
You block the death yak's attack.
The spriggan rider hits you but does no damage.
The spriggan rider hits you from afar with a +0 spear!
You block the spriggan berserker's attack.
The spriggan berserker hits you but does no damage.
You feel much better. You block the death yak's attack. x2
The spriggan rider hits you from afar with a +0 spear!
The death yak barely misses you. The death yak gores you!
The spriggan rider closely misses you.
The spriggan berserker hits you but does no damage.
The spriggan berserker hits you with a +2 antimagic quarterstaff!
You feel your power leaking away.
As you read the scroll of teleportation, it crumbles to dust.
You feel strangely unstable. You block the death yak's attack.
You block the deep troll's attack. x2; The deep troll claws you!
The death yak gores you but does no damage.
You block the spriggan rider's attack.
The spriggan rider hits you but does no damage.
The spriggan berserker hits you with a +2 antimagic quarterstaff!!
* * * LOW HITPOINT WARNING * * *
The spriggan berserker hits you with a +0 rapier!
* * * LOW HITPOINT WARNING * * *
You perforate the spriggan berserker like a sieve!!!
You kill the spriggan berserker!
Trog accepts your kill. The death yak gores you!
* * * LOW HITPOINT WARNING * * *
You block the death yak's attack. The deep troll closely misses you.
You block the deep troll's attack. The deep troll claws you.
* * * LOW HITPOINT WARNING * * *
The spriggan rider hits you but does no damage.
You block the death yak's attack.
The death yak gores you but does no damage.
The spriggan rider hits you from afar with a +0 spear.
You die...

...............
........................
........................
....................T...
........................
................ii.=....
......................#
...............)@T.#
...............YYi.##
.#...<..............#
..#..#.####.#..#...## #
###### ##########


You could see 2 death yaks, 2 spriggan riders, a deep troll, a spriggan
berserker (regenerating, strong-willed) and a deep troll earth mage.

Vanquished Creatures
  An acid blob (Slime:1)
  Agnes (D:15)
  A caustic shrike zombie (D:15)
  A quicksilver ooze (Slime:1)
  A minotaur (Gauntlet)
  Josephine (D:15)
  A fire dragon (Depths:1)
  The ghost of SnailSD the Cleaver, a journeyman MiBe of Trog (Lair:2)
  2 boulder beetles
  Erolcha (D:12)
  3 catoblepae (Lair:5)
  A spriggan air mage (Depths:1)
  2 centaur warriors
  Erica (D:9)
  5 hydras
  An ogre mage (D:13)
  3 two-headed ogres
  A tengu warrior (D:13)
  A spriggan berserker (Depths:1)
  A deep elf knight (D:12)
  A flayed ghost (D:15)
  A deep elf archer (D:12)
  An orc knight (D:15)
  A lindwurm (Lair:5)
  A fire giant zombie (D:15)
  3 deep elf pyromancers
  A necromancer (D:15)
  The ghost of tykejmi the Thaumaturge, a novice DEIE (D:7)
  3 ugly things
  3 large abominations (Gauntlet)
  8 cyclopes
  5 manticores
  A moth of wrath (Gauntlet)
  18 elephants
  4 black mambas
  11 cane toads
  A torpor snail (Gauntlet)
  5 komodo dragons
  A rime drake (shapeshifter) (D:14)
  A kobold demonologist (D:11)
  2 unseen horrors
  3 rime drakes
  A tengu conjurer (D:14)
  The ghost of
  112233 the Ogre Mage, an amateur OgEE of Gozag (D:6)
  2 trolls
  2 guardian mummies (D:15)
  5 hornets
  A polar bear (shapeshifter) (D:12)
  27 blink frogs
  15 slime creatures
  A spriggan zombie (D:15)
  A dream sheep (Lair:5)
  A vampire (D:9)
  4 wyverns
  59 yaks
  5 shadows
  4 wraiths
  A yak (shapeshifter) (D:13)
  A hog (D:15)
  7 basilisks
  A steam dragon (D:7)
  3 vampire mosquitoes (D:11)
  4 nagas (Lair:3)
  A tengu zombie (D:15)
  3 acid dragons
  A warg (D:12)
  6 small abominations (Gauntlet)
  12 water moccasins
  8 orc warriors
  2 sky beasts (D:7)
  4 black bears
  2 boggarts (D:15)
  5 centaurs
  32 wolves
  6 phantoms
  5 kobold brigands
  13 bullfrogs
  2 gnoll sergeants
  6 scorpions
  8 wights
  14 killer bees
  3 howler monkeys (D:7)
  2 gnoll boudas (D:8)
  6 hounds
  2 jellies (Lair:5)
  2 quasits (D:6)
  A bullfrog skeleton (D:4)
  5 orc priests
  5 iguanas
  A scorpion zombie (D:4)
  2 orc wizards
  2 polar bear simulacra (Lair:1)
  2 hound zombies (D:4)
  22 gnolls
  7 adders
  A howler monkey skeleton (D:4)
  2 shadow imps (D:7)
  3 white imps (D:7)
  3 ufetubi
  An adder zombie (D:4)
  An adder skeleton (D:4)
  A worm (D:2)
  4 dart slugs
  31 orcs
  9 ball pythons
  9 endoplasms
  3 giant cockroaches
  4 goblins
  8 hobgoblins
  22 kobolds
  A quokka (D:1)
  5 bats
  A frilled lizard (D:1)
  3 rats
556 creatures vanquished.

Vanquished Creatures (collateral kills)
  3 boggarts (D:15)
3 creatures vanquished.

Vanquished Creatures (others)
  Kirke (D:15)
  A quasit (D:6)
  13 fungi
  9 plants
  5 withered plants (D:15)
29 creatures vanquished.

Grand Total: 588 creatures vanquished

Notes
Turn   | Place    | Note
-------+----------+-------------------------------------------
     0 | D:1      | Randwarf the Minotaur Berserker began the quest for the
                  | Orb.
     0 | D:1      | Reached XP level 1. HP: 19/19 MP: 0/0
   349 | D:1      | Reached XP level 2. HP: 27/27 MP: 1/1
   378 | D:1      | Reached skill level 4 in Maces & Flails
  1452 | D:2      | Reached XP level 3. HP: 22/34 MP: 2/2
  1571 | D:2      | Reached ** piety under Trog
  1984 | D:3      | Found Lodef's General Store.
  2007 | D:3      | Reached XP level 4. HP: 41/41 MP: 3/3
  2068 | D:3      | Reached skill level 5 in Fighting
  2148 | D:3      | Found Boton's Assorted Antiques.
  2247 | D:3      | Found Qenk's Antique Weapon Shop.
  2279 | D:3      | Reached skill level 5 in Maces & Flails
  2689 | D:4      | Noticed a scorpion
  2694 | D:4      | Killed a scorpion
  2695 | D:4      | Reached XP level 5. HP: 48/48 MP: 4/4
  2742 | D:4      | Reached skill level 6 in Maces & Flails
  2774 | D:4      | Noticed a phantom
  2784 | D:4      | Reached XP level 6. HP: 56/56 MP: 5/5
  2792 | D:4      | Reached *** piety under Trog
  2868 | D:4      | Reached skill level 7 in Maces & Flails
  2868 | D:4      | Reached XP level 7. HP: 61/61 MP: 6/6
  3177 | D:5      | Entered Level 5 of the Dungeon
  3205 | D:5      | Reached skill level 8 in Maces & Flails
  3205 | D:5      | Reached skill level 5 in Armour
  3285 | D:5      | Reached XP level 8. HP: 52/70 MP: 7/7
  3325 | D:5      | Reached skill level 9 in Maces & Flails
  3344 | D:5      | Identified the +1 robe of the Hanged Man {Rampage Str+4
                  | Int-5 Dex-5}
  3565 | D:5      | Found a broken altar of Ashenzari.
  3970 | D:5      | Reached **** piety under Trog
  3971 | D:5      | Reached skill level 1 in Shields
  4039 | D:6      | Reached skill level 10 in Maces & Flails
  4197 | D:6      | Reached XP level 9. HP: 64/77 MP: 8/8
  4213 | D:6      | Found a transporter.
  4225 | D:6      | Noticed 112233's ghost (amateur OgEE)
  4243 | D:6      | Found a transporter.
  4494 | D:6      | Killed 112233's ghost
  4644 | D:7      | Noticed a manticore
  4656 | D:7      | Killed a manticore
  4657 | D:7      | Reached skill level 11 in Maces & Flails
  4664 | D:7      | Found a transporter.
  4685 | D:7      | Noticed tykejmi's ghost (novice DEIE)
  4688 | D:7      | Found a transporter.
  4719 | D:7      | Paralysed by a hornet for 2 turns
  4732 | D:7      | Identified the +1 lajatang of Dung {elec, Dex+3}
  4903 | D:7      | Reached skill level 12 in Maces & Flails
  4909 | D:7      | Paralysed by a hornet for 2 turns
  5075 | D:7      | Found a staircase to the Ecumenical Temple.
  5086 | D:7      | Reached skill level 5 in Shields
  5202 | D:7      | Reached XP level 10. HP: 86/86 MP: 9/9
  5720 | D:7      | Reached skill level 5 in Dodging
  5841 | Temple   | Entered the Ecumenical Temple
  6078 | D:8      | Reached ***** piety under Trog
  6167 | D:8      | Found Heqekho's Armour Emporium.
  6248 | D:8      | Bought a +2 scale mail of cold resistance for 294 gold
                  | pieces
  6274 | D:8      | Found a transporter.
  6381 | D:8      | Received a gift from Trog
  6403 | D:8      | Found a burning altar of Makhleb.
  6460 | D:8      | Found a corrupted altar of Lugonu.
  6460 | D:8      | Noticed a white ugly thing
  6460 | D:8      | Noticed a white ugly thing
  6507 | D:8      | Found a transporter.
  6655 | D:7      | Killed tykejmi's ghost
  6854 | D:9      | Reached skill level 13 in Maces & Flails
  6997 | D:9      | Noticed Erica
  7020 | D:9      | Killed Erica
  7021 | D:9      | Reached skill level 10 in Armour
  7030 | D:9      | Reached XP level 11. HP: 79/92 MP: 3/10
  7196 | D:9      | Found a glowing golden altar of the Shining One.
  7256 | D:9      | Noticed a two-headed ogre
  7261 | D:9      | Killed a two-headed ogre
  7285 | D:9      | Gained mutation: Your magical capacity is low. (-10% MP)
                  | [potion of mutation]
  7285 | D:9      | Gained mutation: You possess an exceptional clarity of
                  | mind. [potion of mutation]
  7286 | D:9      | Lost mutation: Your magical capacity is low. (-10% MP)
                  | [potion of mutation]
  7286 | D:9      | Lost mutation: You possess an exceptional clarity of mind.
                  | [potion of mutation]
  7286 | D:9      | Gained mutation: Your muscles are strong. (Str +4, Int/Dex
                  | -1) [potion of mutation]
  7286 | D:9      | Gained mutation: Your muscles are very strong. (Str +8,
                  | Int/Dex -2) [potion of mutation]
  7537 | D:9      | Reached skill level 14 in Maces & Flails
  7784 | D:10     | Entered Level 10 of the Dungeon
  7823 | D:10     | Found a staircase to the Lair.
  7887 | D:10     | Noticed a lindwurm
  7887 | D:10     | Noticed a lindwurm
  7888 | D:10     | Noticed a lindwurm
  7889 | D:10     | Noticed a lindwurm
  8036 | D:10     | Received a gift from Trog
  8154 | D:10     | Found a glowing silver altar of Zin.
  8230 | D:10     | Found Oseit's Antique Armour Shoppe.
  8518 | D:11     | Reached skill level 1 in Stealth
  8533 | D:11     | Found a staircase to the Orcish Mines.
  8542 | D:11     | Reached skill level 15 in Maces & Flails
  8858 | D:11     | Reached XP level 12. HP: 49/103 MP: 3/11
  9462 | D:12     | Reached skill level 10 in Shields
  9504 | D:12     | Noticed a boulder beetle
  9560 | D:12     | Killed a boulder beetle
  9588 | D:12     | Identified the ring of Umedinni {rF+ rC- MP+9 Dex+8 Slay-6}
  9588 | D:12     | Noticed Erolcha
  9592 | D:12     | Killed Erolcha
 10447 | D:13     | Noticed an ogre mage
 10448 | D:13     | Found a gate to the Vaults.
 10448 | D:13     | Noticed a two-headed ogre
 10448 | D:13     | Noticed a two-headed ogre
 10546 | D:13     | Reached skill level 10 in Fighting
 10643 | D:13     | Noticed a boulder beetle
 10662 | D:13     | Killed a boulder beetle
 10663 | D:13     | Reached skill level 16 in Maces & Flails
 10758 | D:13     | Killed a two-headed ogre
 10785 | D:13     | Killed a two-headed ogre
 10831 | D:13     | Noticed a tengu warrior
 10843 | D:13     | Killed a tengu warrior
 10846 | D:13     | Paralysed by something for 4 turns
 10855 | D:13     | Killed an ogre mage
 11280 | Lair:1   | Entered Level 1 of the Lair of Beasts
 11453 | Lair:1   | Reached XP level 13. HP: 115/115 MP: 4/12
 11541 | Lair:1   | Found a frozen archway.
 12263 | Lair:2   | Found a runed translucent door.
 12263 | Lair:2   | Noticed SnailSD's ghost (journeyman MiBe)
 12277 | Lair:2   | Killed SnailSD's ghost
 12342 | Lair:2   | Found a dark tunnel.
 12472 | Lair:2   | Received a gift from Trog
 13258 | Lair:3   | Found a staircase to the Snake Pit.
 13475 | Lair:3   | Found a staircase to the Shoals.
 14465 | Lair:4   | Found a gate leading to a gauntlet.
 14477 | Gauntlet | Entered a Gauntlet
 14477 | Gauntlet | Found a large runed translucent door.
 14477 | Gauntlet | Found a large runed translucent door.
 14477 | Gauntlet | Found a large runed translucent door.
 14477 | Gauntlet | Found a large runed translucent door.
 14477 | Gauntlet | Found a large runed translucent door.
 14477 | Gauntlet | Found a large runed translucent door.
 14477 | Gauntlet | Found a large runed translucent door.
 14477 | Gauntlet | Found a large runed translucent door.
 14477 | Gauntlet | Found a runed translucent door.
 14477 | Gauntlet | Found a runed translucent gate.
 14477 | Gauntlet | Found a transporter.
 14477 | Gauntlet | Found a transporter.
 14477 | Gauntlet | Found a runed translucent gate.
 14477 | Gauntlet | Found a transporter.
 14496 | Gauntlet | Found a transporter.
 14500 | Gauntlet | Found a transporter.
 14514 | Gauntlet | Found a transporter.
 14514 | Gauntlet | Found a transporter.
 14528 | Gauntlet | Found a transporter.
 14549 | Gauntlet | Found a transporter.
 14567 | Gauntlet | Found a transporter.
 14571 | Gauntlet | Found a transporter.
 14581 | Gauntlet | Found a transporter.
 14587 | Gauntlet | Found a runed translucent gate.
 14588 | Gauntlet | Found a large runed translucent door.
 14588 | Gauntlet | Found a large runed translucent door.
 14589 | Gauntlet | Found a large runed translucent door.
 14590 | Gauntlet | Found a large runed translucent door.
 14591 | Gauntlet | Found a large runed translucent door.
 14591 | Gauntlet | Found a large runed translucent door.
 14591 | Gauntlet | Found a runed translucent door.
 14592 | Gauntlet | Found a large runed translucent door.
 14593 | Gauntlet | Found a large runed translucent door.
 14716 | Gauntlet | Identified the +1 pair of gloves of Yredelemnul's Approval
                  | {rF+ Str+4 Stlth+}
 14810 | Gauntlet | Received a gift from Trog
 14817 | Gauntlet | Reached XP level 14. HP: 129/129 MP: 4/13
 14834 | Gauntlet | Identified the +0 helmet of the Komodo Dragon {Drain rElec
                  | rC- Dex+10}
 14913 | Gauntlet | Identified the ring of Pyd Jouh {SInv Stlth+}
 15920 | Lair:5   | Entered Level 5 of the Lair of Beasts
 15994 | Lair:5   | Reached skill level 17 in Maces & Flails
 16119 | Lair:5   | Found a staircase to the Slime Pits.
 16295 | Lair:5   | Identified the +4 hand axe of Randwarf's Doom {vamp,
                  | Fragile +Blink Int+2 Dex+3}
 17908 | Slime:1  | Entered Level 1 of the Pits of Slime
 17912 | Slime:1  | Noticed an acid blob
 17919 | Slime:1  | Noticed a quicksilver ooze
 17921 | Slime:1  | Killed an acid blob
 17926 | Slime:1  | Killed a quicksilver ooze
 18600 | D:14     | Reached skill level 15 in Fighting
 19204 | D:15     | Entered Level 15 of the Dungeon
 19216 | D:15     | Received a gift from Trog
 19228 | D:15     | Noticed Kirke
 19245 | D:15     | Killed Kirke
 19246 | D:15     | Reached skill level 15 in Shields
 19336 | D:15     | Noticed Agnes
 19350 | D:15     | Killed Agnes
 19581 | D:15     | Reached XP level 15. HP: 132/141 MP: 4/14
 19605 | D:15     | Found a staircase to the Depths.
 20518 | D:15     | Noticed Josephine
 20524 | D:15     | Killed Josephine
 20636 | D:15     | Found a hazy altar of Hepliaklqana.
 20942 | Depths:1 | Entered Level 1 of the Depths
 21022 | Depths:1 | HP: 3/143 [deep troll (5)]
 21022 | Depths:1 | Slain by a spriggan rider

Illustrated notes

Levels and vault maps discovered:
D:1:      dpeg_arrival_castle, layout_basic, serial_bayou_crossing
D:2:      layout_loops_ring
D:3:      layout_loops_cross, serial_shops,
          nicolae_shop_temple_entry_statues_fountains,
          nicolae_shop_overgrown_old_shop, shop
D:4:      layout_cave_pools, serial_undead, serial_undead_f, serial_undead_a,
          serial_undead_c, serial_undead_a
D:5:      layout_loops_cross, evilmike_ruin_ashenzari
D:6:      layout_rooms, gammafunk_ghost_stat_death
D:7:      minmay_bubble_buster, layout_basic, temple_statues,
          gammafunk_ghost_arena
D:8:      gammafunk_corrupted_shrine, layout_cave_pools, lemuel_tele_altar,
          serial_shops, nicolae_shop_crystal
D:9:      layout_basic, kennysheep_mini_moat, uniq_erica
D:10:     layout_roguey, zin_statuary, grunt_lair_entry_orc_guard_hut,
          serial_shops, shop_statue, minmay_lindwurm_lava
D:11:     layout_cave_pods, orc_david_3
D:12:     minmay_inner_zag, layout_rooms, beargit_elvish_explorers, uniq_erolcha
D:13:     layout_basic, david_vaults_2
D:14:     wander_river, layout_basic
D:15:     gammafunk_depths_entry_grave, layout_loops_ring,
          nicolae_hepliaklqana_hippocampus, uniq_agnes, uniq_kirke,
          uniq_josephine
Temple:   nicolae_temple_two_arcs
Lair:1:   layout_hall_layers, portal_ice_cave_entry_ice_simulacra,
          infiniplex_staircase_pool_2, grunt_megastairs_4
Lair:2:   layout_chaotic_city, lightli_volcano_entry_magma_tube,
          ebering_ghost_reflecting_pool, grunt_megastairs_2
Lair:3:   layout_long_grid, elwin_shoals_entry_rocks,
          minmay_snake_entry_guardpost_large
Lair:4:   layout_cave_pods, gauntlet_entry_generic,
          chequers_serial_rivers_room_a, infiniplex_staircase_pool
Lair:5:   hangedman_lair_in_review, layout_cave_pods,
          nicolae_slime_entry_slimehenge
Slime:1:  layout_caves
Slime:2:  layout_caves
Depths:1: layout_big_octagon, enter_ziggurat_d, fedhas_altar_4,
          nicolae_hell_entry_big_baal_hell, yredelemnul_altar_generic,
          minmay_shoptagon

Skill      XL: |  1  2  3  4  5  6  7  8  9 10 11 12 13 14 |
---------------+-------------------------------------------+-----
Maces & Flails | 4 5 6 7 8 10 12 13 15 16 17 | 17.5
Fighting       | 4 5 6 7 8 10 13 15 | 15.7
Armour         | 3 4 5 7 8 10 11 12 13 14 | 14.4
Dodging        | 3 4 6 7 8 |  8.7
Shields        | 2 5 7 9 11 13 15 | 15.6
Stealth        | 1 2 |  2.5
Staves         | |  0.3

Action                   |  1- 3 |  4- 6 |  7- 9 | 10-12 | 13-15 || total
-------------------------+-------+-------+-------+-------+-------++-------
Melee: Mace              |    73 |    41 |       |       |       ||   114
       Headbutt          |     3 |    13 |    40 |   124 |   149 ||   329
       Flail             |       |    52 |   195 |   130 |       ||   377
       Punch             |       |     1 |     1 |       |       ||     2
       Lajatang          |       |       |     6 |       |       ||     6
       Morningstar       |       |       |       |   403 |   301 ||   704
       Eveningstar       |       |       |       |       |   375 ||   375
Invok: Trog's Hand       |       |     1 |       |       |     1 ||     2
       Berserk           |       |     1 |     1 |     1 |     1 ||     4
       Brothers in Arms  |       |       |       |       |     2 ||     2
  Use: Scroll            |     1 |       |     6 |    11 |    17 ||    35
       Potion            |       |       |       |     3 |     6 ||     9
 Stab: Petrified         |       |       |       |       |     4 ||     4
Armor: Animal skin       |    14 |       |       |       |       ||    14
       Ring mail         |    10 |     8 |       |       |       ||    18
       Scale mail        |       |    42 |    74 |   157 |    80 ||   353
       Chain mail        |       |       |       |       |   239 ||   239
Dodge: Dodged            |    60 |    48 |   117 |   240 |   222 ||   687
Block: Tower shield      |       |       |   122 |   532 |   675 ||  1329
